 Dungeon Crawl Stone Soup version 0.32-a0-20-ge526923d97 (webtiles) character file.

Game seed: 15467811894985904961

575 LeprechaunX the Changeling (level 7, -2/46 HPs)
             Began as an Octopode Shapeshifter on Jan 17, 2024.
             Was an Initiate of Cheibriados.
             Slain by a phantom (7 damage)
             ... on level 5 of the Dungeon.
             The game lasted 00:03:58 (4301 turns).

LeprechaunX the Changeling (Octopode Shapeshifter)  Turns: 4301, Time: 00:03:59

Health: -2/46      AC:  1    Str: 14    XL:     7   Next: 35%
Magic:  7/7        EV: 13    Int: 14    God:    Cheibriados [......]
Gold:   229        SH:  0    Dex: 14    Spells: 6/6 levels left

rFire   . .          .
                       - Unarmed
rCold   . . .        (no shield)
rNeg    . . .        (helmet currently unavailable)
rPois   .            p - amulet of faith
rElec   .            (no ring)
rCorr   .            (no ring)
SInv    .            (no ring)
Will    .....        (no ring)
Stlth   ++           (no ring)
HPRegen 0.27/turn    (no ring)
MPRegen 0.10/turn    (no ring)
                     (no ring)

%: faith
@: beast-form, studying Hexes, slow
A: beast (slay +3), almost no armour, amphibious, 8 rings, camouflage 1,
gelatinous body 1, (nimble swimmer 1), tentacles
a: Begin Untransformation, Renounce Religion


You were on level 5 of the Dungeon.
You worshipped Cheibriados.
Cheibriados was noncommittal.
You were a hulking beast.
You visited 1 branch of the dungeon, and saw 5 of its levels.

You collected 229 gold pieces.

Inventory:

Missiles
 o - 3 silver javelins (quivered)
Armour
 j - a +1 hat
Jewellery
 p - an amulet of faith (around mantle)
Talismans
 b - a beast talisman
 c - a flux talisman
 s - a storm talisman
Wands
 m - a wand of flame (21)
Scrolls
 f - 2 scrolls of revelation {unknown}
 g - 5 scrolls of identify {unknown}
 h - a scroll of noise {unknown}
 l - 3 scrolls of enchant weapon {unknown}
 q - a scroll of brand weapon {unknown}
 r - a scroll of enchant armour {unknown}
Potions
 a - a potion of lignification
 d - a potion of heal wounds {unknown}
 e - a potion of attraction {unknown}
 i - 4 potions of curing {unknown}
 k - 3 potions of magic {unknown}
 n - 4 potions of haste {unknown}


   Skills:
 + Level 3.4 Fighting
 + Level 1.8 Throwing
 - Level 2.0 Dodging
 + Level 4.5 Unarmed Combat
 + Level 0.0 Invocations
 + Level 2.1 Evocations
 * Level 5.4 Shapeshifting


You had 6 spell levels left.
You didn't know any spells.
Your spell library contained the following spells:

 Spells                   Type           Power      Damage    Failure   Level
 Freeze                   Ice            0%         1d3       28%         1
 Sandblast                Erth           0%         2d4       28%         1
 Dazzling Flash           Conj/Hex       0%         N/A       65%         3
 Frozen Ramparts          Ice            0%         1d1       65%         3
 Hailstorm                Conj/Ice       0%         3d5       65%         3
 Passwall                 Erth           0%         N/A       65%         3
 Stone Arrow              Conj/Erth      0%         3d7       65%         3
 Volatile Blastmotes      Fire/Tloc      0%         2d10      65%         3
 Brom's Barrelling Bould  Conj/Erth      0%         2d3       96%         4
 Summon Blazeheart Golem  Fire/Summ      0%         N/A       96%         4
 Starburst                Conj/Fire      0%         6d3       100%        6
 Orb of Destruction       Conj           0%         9d5       100%        7
 Spellforged Servitor     Conj/Summ      0%         N/A       100%        7
 Maxwell's Capacitive Co  Air            0%         ∞         100%        8


Dungeon Overview and Level Annotations

Branches:
Dungeon (5/15)
 Temple: D:4-7

Altars:
Cheibriados
Xom

Annotations:
D:2 1 runed translucent door, Crazy Yiuf


Innate Abilities, Weirdness & Mutations

You are a hulking beast.
Your limbs bulge with bestial killing power. (Slay +3)
You cannot wear most types of armour.
You are amphibious.
You can wear up to eight rings at the same time.
Your skin changes colour to match your surroundings (Stealth+).
Your rubbery body absorbs attacks. (AC +1, EV +1)
((You are camouflaged when in or above water. (Stealth+)))
You have tentacles for arms and can constrict up to eight enemies at once.


Message History

The phantom misses you.
You barely miss the phantom. Your squeeze misses the phantom.
The phantom is moderately damaged.
The phantom hits you.
The phantom blinks!
You blink.
You miss the phantom.
The phantom is moderately damaged.
The phantom hits you.
The phantom blinks!
You blink.
You tentacle-slap the phantom.
The phantom is moderately damaged.
The phantom barely misses you.
You tentacle-slap the phantom. Your squeeze misses the phantom.
The phantom is heavily damaged.
The phantom completely misses you.
You closely miss the phantom.
The phantom is heavily damaged.
The dart slug bites you. The phantom hits you!
The phantom blinks!
You blink.
Found a ring mail.
You are too injured to fight recklessly!
You are too injured to fight recklessly!
You are too injured to fight recklessly!
You tentacle-slap the phantom.
The phantom is heavily damaged.
The phantom hits you!
* * * LOW HITPOINT WARNING * * *
You completely miss the phantom.
The phantom is heavily damaged.
The phantom closely misses you.
You closely miss the phantom.
You squeeze the phantom, but do no damage.
The phantom is heavily damaged.
Unknown command.
You bludgeon the phantom!
The phantom is almost destroyed.
The phantom hits you!
* * * LOW HITPOINT WARNING * * *
The phantom blinks!
You blink.
You closely miss the phantom.
The phantom is almost destroyed.
The phantom hits you!
You die...

##### #...########## ##
#............##### .##..
#............#...##..#..
#.......................
#.......................
#..<.........###.....#..
#......................#
#...####.....##.hW..#
#...# ##....###§...#
#...# #.§..###§#...#
##### ##.......#......
##.§w#### .##.[ #...# ..
# #...####.##.
##..^.$..# #. #.......##


You could see a phantom.

Vanquished Creatures
  Sigmund (D:4)
  An ogre (D:4)
  An orc priest (D:3)
  Jessica (D:2)
  Natasha (thrice) (D:2)
  3 orc wizards
  A gnoll (D:1)
  4 adders
  3 dart slugs
  3 ribbon worms
  8 orcs
  9 ball pythons
  7 bats
  4 endoplasms
  2 giant cockroaches
  4 goblins
  6 hobgoblins
  3 jackals (D:3)
  6 kobolds
  4 quokkas
  2 frilled lizards
  5 rats
81 creatures vanquished.

Notes
Turn   | Place    | Note
-------+----------+-------------------------------------------
     0 | D:1      | LeprechaunX the Octopode Shapeshifter began the quest for
                  | the Orb.
     0 | D:1      | Reached XP level 1. HP: 13/13 MP: 1/1
   234 | D:1      | Reached XP level 2. HP: 17/18 MP: 2/2
   604 | D:1      | Reached XP level 3. HP: 21/23 MP: 3/3
  1296 | D:2      | Noticed Natasha
  1305 | D:2      | Killed Natasha
  1306 | D:2      | Reached XP level 4. HP: 8/29 MP: 4/4
  1580 | D:2      | Reached skill level 4 in Shapeshifting
  1635 | D:2      | Noticed Natasha
  1641 | D:2      | Killed Natasha
  1709 | D:2      | Noticed Natasha
  1718 | D:2      | Killed Natasha
  1719 | D:2      | Reached XP level 5. HP: 8/35 MP: 5/5
  1840 | D:2      | Found a runed translucent door.
  1841 | D:2      | Noticed Crazy Yiuf
  2038 | D:2      | Noticed Jessica
  2047 | D:2      | Killed Jessica
  2694 | D:3      | HP: 1/35 [something/magic dart (8)]
  3060 | D:3      | Reached XP level 6. HP: 36/41 MP: 6/6
  3379 | D:4      | Reached skill level 1 in Evocations
  3430 | D:4      | Reached skill level 1 in Throwing
  3430 | D:4      | Reached skill level 5 in Shapeshifting
  3621 | D:4      | Noticed Sigmund
  3632 | D:4      | Killed Sigmund
  3633 | D:4      | Reached XP level 7. HP: 40/46 MP: 7/7
  3943 | D:4      | Found a shimmering altar of Xom.
  4205 | D:4      | Found a snail-covered altar of Cheibriados.
  4214 | D:4      | Became a worshipper of Cheibriados the Contemplative
  4257 | D:5      | Entered Level 5 of the Dungeon
  4301 | D:5      | Slain by a phantom

Illustrated notes

Levels and vault maps discovered:
D:1:      saegor_arrival_under_anarchy, layout_basic, kennysheep_nondescript,
          kennysheep_small_spiral, serial_bayou_crossing
D:2:      layout_basic, uniq_natasha, uniq_jessica, uniq_crazy_yiuf_cottage
D:3:      layout_loops_cross, nrook_uturn
D:4:      layout_loops_ring, mainiacjoe_overflow_alcove_4,
          mainiacjoe_overflow_24_doors, uniq_sigmund
D:5:      layout_rooms

Skill      XL: |  1  2  3  4  5  6 |
---------------+-------------------+-----
Fighting       | 2 3 |  3.4
Shapeshifting  | 4 5 |  5.4
Unarmed Combat | 4 |  4.5
Evocations     | 2 |  2.1
Throwing       | 1 |  1.8
Dodging        | |  2.0

Action                     |  1- 3 |  4- 6 |  7- 9 || total
---------------------------+-------+-------+-------++-------
  Melee: Unarmed           |    45 |   101 |    29 ||   175
         Constrict         |    13 |    30 |     4 ||    47
         Tentacles         |     6 |    19 |     3 ||    28
         Punch             |       |     4 |       ||     4
  Throw: Javelin           |       |     3 |       ||     3
   Stab: Sleeping          |     6 |    15 |     2 ||    23
 Armour: Skin              |    20 |    50 |    13 ||    83
  Dodge: Dodged            |    33 |    39 |    12 ||    84

Table legend: (Time is in decaauts)
 A = Elapsed time spent in this place.
 B = Non-inter-level travel time spent in this place.
 C = Inter-level travel time spent in this place.
 D = Time resting spent in this place.
 E = Time spent auto-exploring this place.
 F = Levels seen in this place.
 G = Mean time per level.
                   A        B        C        D        E       F      G
               +--------+--------+--------+--------+--------+-----+--------+
         Total |   4307 |   4135 |    172 |    242 |   3360 |   5 |  861.4 |
       Dungeon |   4307 |   4135 |    172 |    242 |   3360 |   5 |  861.4 |
               +--------+--------+--------+--------+--------+-----+--------+

Top non-repeatable levels by time:
     D:2: 1390 daAuts
     D:1: 1154 daAuts
     D:4: 931 daAuts
     D:3: 781 daAuts
     D:5: 49 daAuts
